 Dungeon Crawl Stone Soup version 0.27.1-33-g824d729ab1 (webtiles) character file.

Game seed: 4766321976861090732

250 unlimited1921 the Bolt Thrower (level 5, -8/49 HPs)
             Began as a Troll Hunter on Dec 26, 2021.
             Mangled by a wyvern (13 damage)
             ... on level 4 of the Dungeon on Dec 27, 2021.
             The game lasted 00:18:11 (2961 turns).

unlimited1921 the Bolt Thrower (Troll Hunter)       Turns: 2961, Time: 00:18:12

Health: -8/49      AC:  4    Str: 21    XL:     5   Next: 88%
Magic:  0/4        EV: 10    Int:  7    God:
Gold:   169        SH:  0    Dex: 10    Spells: 4/4 levels left

rFire    . . .     SeeInvis .   a - +1 hand crossbow
rCold    . . .     Faith    .   (no shield)
rNeg     . . .     Spirit   +   c - +0 robe
rPois    +         Reflect  .   (helmet restricted)
rElec    .         Harm     .   (no cloak)
rCorr    .         Rampage  .   (gloves unavailable)
Will     .....                  (boots unavailable)
Stlth    +.........             q - amulet of guardian spirit
HPRegen  1.16/turn              p - ring of poison resistance
MPRegen  0.09/turn              (no ring)

@: no status effects
A: large, unfitting armour, claws 3, regeneration 1, shaggy fur 1, tough skin 1
a: no special abilities


You were on level 4 of the Dungeon.
You visited 1 branch of the dungeon, and saw 4 of its levels.

You collected 169 gold pieces.

Inventory:

Hand Weapons
 a - a +1 hand crossbow (weapon)
 b - a +0 short sword
 e - a +0 dagger of electrocution
 f - a +0 spear of venom
Missiles
 d - 24 bolts (quivered ammo)
 i - 3 poisoned darts
 m - 59 stones
 o - 34 arrows
Armour
 c - a +0 robe (worn)
Jewellery
 p - a ring of poison resistance (left claw)
 q - an amulet of guardian spirit (around neck)
Scrolls
 h - a scroll of fog {unknown}
 j - a scroll of identify
 k - a scroll of teleportation {unknown}
 n - 2 scrolls of holy word {unknown}
 s - a scroll of acquirement
Potions
 g - 2 potions of heal wounds {unknown}
 l - 2 potions of lignification {unknown}
 r - a potion of invisibility {unknown}


   Skills:
 + Level 2.2 Fighting
 - Level 0.4 Polearms
 * Level 4.1 Crossbows
 + Level 1.7 Throwing
 + Level 2.0 Dodging
 + Level 0.8 Stealth


You had 4 spell levels left.
You didn't know any spells.
Your spell library contained the following spells:

 Spells                   Type           Power      Damage    Failure   Level
 Sublimation of Blood     Necr           0%         N/A       56%         2
 Petrify                  Tmut/Erth      0%         N/A       99%         4
 Irradiate                Conj/Tmut      0%         3d13      100%        5


Dungeon Overview and Level Annotations

Branches:
Dungeon (4/15)
 Temple: D:4-7

Altars:
Cheibriados

Shops:
D:2 ![([[

Annotations:
D:4 3 runed translucent doors, Kranky's ghost, novice GrBe


Innate Abilities, Weirdness & Mutations

You are too large for most types of armour.
You have claws for hands.
Your natural rate of healing is unusually fast.
You are covered in fur. (AC +1)
You have tough skin. (AC +1)


Message History

Found 12 gold pieces.
You now have 169 gold pieces (gained 12).
You open the door.
There is an open door here.
There is an open door here.
There is a stone staircase leading down here.
Kranky's ghost turns its malevolent gaze towards you.
The endoplasm quivers.
A wyvern comes into view.
The wyvern hisses angrily.
You hear a shout!
An adder comes into view.
The adder hisses angrily.
You shoot a bolt. The bolt hits the wyvern.
The wyvern is lightly wounded.
A hobgoblin comes into view.
You shoot a bolt. The bolt barely misses the wyvern.
You shoot a bolt. The bolt hits the wyvern!
The wyvern is heavily wounded.
The wyvern bites you!!
The wyvern bites you but does no damage.
You shoot a bolt. The bolt hits the wyvern!
The wyvern is severely wounded.
The wyvern bites you! The wyvern barely misses you.
You are too injured to fight recklessly!
You are too injured to fight recklessly!
The wyvern bites you.
You are too injured to fight recklessly!
You are too injured to fight recklessly!
The wyvern hisses menacingly.
The wyvern bites you!
* * * LOW HITPOINT WARNING * * *
As you read the scroll labelled BIMNUTRE EFOH, it crumbles to dust.
It is a scroll of identify.
s - a scroll of acquirement The wyvern bites you!
* * * LOW HITPOINT WARNING * * *
Unknown command.
Unknown command.
The wyvern bites you!
You die...

#.......## #.(.
##......# ..#
##.....###... #(#
##.........###.#
##'######.....#
#.# #####g# #.#
#S# ##)## #l#
##...### #@#
#......# #.#
####...#.# #.# .#
#..##.#######.#
.###.............#
.......#.#########
####..##.# #.....#
#####.####


You could see a wyvern, an adder and a hobgoblin.

Vanquished Creatures
  A scorpion (D:4)
  2 orc priests (D:3)
  Jessica (D:3)
  An adder (D:3)
  5 worms
  2 dart slugs
  4 orcs
  7 endoplasms
  2 giant cockroaches
  8 goblins
  7 hobgoblins
  5 jackals
  3 quokkas
  6 ball pythons
  4 bats
  4 frilled lizards
  9 kobolds
  4 rats
75 creatures vanquished.

Notes
Turn   | Place    | Note
-------+----------+-------------------------------------------
     0 | D:1      | unlimited1921 the Troll Hunter began the quest for the Orb.
     0 | D:1      | Reached XP level 1. HP: 19/19 MP: 0/0
   106 | D:1      | Reached skill level 3 in Crossbows
   106 | D:1      | Reached XP level 2. HP: 27/27 MP: 1/1
   396 | D:1      | Reached XP level 3. HP: 31/33 MP: 2/2
   882 | D:2      | Found Agum's Distillery.
   909 | D:2      | Found Ewywuj's Antique Weapon Shop.
  1009 | D:2      | Found Rouvout's Armour Boutique.
  1084 | D:2      | Found Fusubiusat's Antique Armour Shoppe.
  1094 | D:2      | Reached skill level 1 in Throwing
  1369 | D:2      | Found Wuizxeju's Antique Armour Shop.
  1660 | D:3      | Reached XP level 4. HP: 40/42 MP: 3/3
  1810 | D:3      | Noticed Jessica
  1812 | D:3      | Killed Jessica
  1998 | D:3      | Reached XP level 5. HP: 49/49 MP: 4/4
  2308 | D:4      | Reached skill level 4 in Crossbows
  2384 | D:4      | Found a runed translucent gate.
  2386 | D:4      | Found a runed translucent gate.
  2387 | D:4      | Found a runed translucent gate.
  2388 | D:4      | Noticed Kranky's ghost (novice GrBe)
  2727 | D:4      | Found a snail-covered altar of Cheibriados.
  2951 | D:4      | Noticed a wyvern
  2960 | D:4      | Identified a scroll of acquirement
  2961 | D:4      | Mangled by a wyvern

Illustrated notes

Levels and vault maps discovered:
D:1:      wander_arrival_estate, layout_basic
D:2:      layout_loops_ring, serial_shops, shop,
          nicolae_shop_overgrown_old_shop, nicolae_shop_trees,
          nicolae_diamond_shop, shop, glass_columns_a
D:3:      layout_basic, uniq_jessica
D:4:      layout_loops_corners, mainiacjoe_overflow_tiny_flanked,
          gammafunk_ghost_split, minmay_manual_mandibuliform

Skill      XL: |  1  2  3  4  5 |
---------------+----------------+-----
Crossbows      | 3 4 |  4.1
Throwing       | 1 |  1.7
Fighting       | 2 |  2.2
Dodging        | 2 |  2.0
Polearms       | |  0.4
Stealth        | |  0.8

Action                   |  1- 3 |  4- 6 || total
-------------------------+-------+-------++-------
Melee: Spear             |    75 |    23 ||    98
 Fire: Hand crossbow     |    31 |    49 ||    80
Throw: Dart              |    32 |     3 ||    35
  Use: Scroll            |       |     1 ||     1
 Stab: Sleeping          |       |     1 ||     1
Armor: Robe              |    26 |    10 ||    36
Dodge: Dodged            |    30 |    13 ||    43
